Map: Abyssal Reef LE

Players

TYTY - Winner!

  • Race: Terran Terran
  • Spawn Location: 5:00

iAsonu

  • Race: Zerg Zerg
  • Spawn Location: 11:00

VOD

Have the link to the VOD?

Description

Time

  • Played on: July 28, 2017, 9:36 p.m.
  • Length: 18:06
Show
View Real Time Build Order
Export as new Build Order

TYTY Terran - Winner!

Build Orders: Reaper Expand, Bio Tank 

Get SALT Encoding   

  12  0:00  SCV  
  13  0:12  SCV  
  14  0:17  Supply Depot  
  14  0:24  SCV  
  15  0:39  SCV  
  15  0:40  Barracks  
  16  0:45  Refinery  
  16  0:51  SCV  
  17  1:03  SCV  
  18  1:15  SCV  
  19  1:27  Reaper  
  19  1:28  Orbital Command  
  20  1:40  Command Center  
  20  1:50  Supply Depot  
  20  1:55  SCV  
  20  1:59  Marine  
  22  2:05  Factory  
  22  2:07  SCV  
  23  2:12  Refinery  
  23  2:19  SCV  
  24  2:23  Barracks Reactor  
  24  2:31  SCV  
  25  2:44  SCV  
  26  2:52  Orbital Command  
  26  2:53  Starport  
  26  2:56  SCV  
  27  3:02  Hellion  
  27  3:03  Hellion  
  31  3:08  SCV  
  32  3:13  Barracks Tech Lab  
  32  3:18  SCV  
  33  3:20  SCV  
  33  3:24  Hellion x2  
  38  3:30  SCV  
  39  3:37  SCV  
  39  3:38  Medivac  
  42  3:43  SCV  
  42  3:48  Supply Depot  
  42  3:52  SCV  
  43  3:56  Marine x2, Command Center  
  43  3:58  Factory Tech Lab  
  43  3:59  SCV  
  46  4:10  SCV  
  46  4:11  SCV, Supply Depot  
  46  4:15  Marine  
  46  4:16  Supply Depot  
  50  4:17  Raven  
  50  4:22  SCV  
  52  4:26  SCV  
  52  4:30  Marine, Supply Depot  
  54  4:33  Siege Tank, Marine  
  54  4:35  Refinery  
  58  4:39  SCV x2  
  58  4:43  Refinery  
  60  4:48  Supply Depot  
  60  4:51  SCV x2  
  62  4:53  Marine x2  
  64  5:05  Siege Tank  
  63  5:11  SCV x2  
  63  5:12  Marine, Raven  
  64  5:17  Orbital Command  
  63  5:23  SCV x2  
  63  5:24  Engineering Bay  
  63  5:26  Engineering Bay  
  65  5:35  SCV x2  
  67  5:39  Barracks  
  66  5:43  Barracks, Factory Tech Lab  
  66  5:44  Stimpack, Marine  
  66  5:47  SCV  
  66  5:48  SCV  
  70  5:51  Orbital Command  
  69  5:59  SCV  
  69  6:00  Terran Infantry Armor Level 1, SCV, Terran Infantry Weapons Level 1  
  69  6:02  Marine  
  69  6:03  Starport Reactor  
  72  6:05  Siege Tank, Supply Depot  
  75  6:11  SCV  
  75  6:13  SCV  
  75  6:16  SCV  
  75  6:17  Missile Turret  
  78  6:20  Marine  
  78  6:21  Supply Depot  
  78  6:23  SCV  
  78  6:25  SCV  
  81  6:27  Supply Depot  
  81  6:28  SCV  
  81  6:32  Barracks Reactor, Refinery  
  82  6:35  SCV, Barracks  
  82  6:36  Marine x2  
  82  6:37  SCV  
  86  6:40  SCV  
  86  6:43  Medivac x2  
  91  6:48  SCV, Factory Reactor  
  91  6:49  SCV  
  91  6:50  Marine  
  91  6:53  SCV, Barracks  
  95  6:56  Missile Turret  
  95  6:59  Marine  
  95  7:00  SCV, Marine  
  99  7:01  SCV  
  99  7:03  Supply Depot  
  99  7:04  Supply Depot  
  99  7:05  SCV  
  99  7:07  Marine  
  101  7:09  Marine x2  
  101  7:12  SCV  
  101  7:13  Medivac x2  
  101  7:14  SCV  
  109  7:17  SCV, Marine  
  111  7:24  Widow Mine x2  
  111  7:26  Missile Turret  
  111  7:27  Marine  
  111  7:28  Barracks Reactor  
  111  7:29  Marine x3  
  120  7:30  Factory  
  120  7:32  Supply Depot  
  120  7:34  Armory  
  116  7:41  SCV x3  
  114  7:46  Combat Shields  
  114  7:50  Medivac  
  114  7:51  Marine x3, Medivac  
  119  7:52  Marine  
  119  7:53  SCV x2  
  119  7:54  SCV  
  119  7:56  Marauder  
  133  8:09  Marine x2  
  129  8:16  SCV x2  
  129  8:19  Marine x2  
  133  8:20  Marine x2  
  133  8:22  Siege Tank  
  133  8:24  Command Center  
  133  8:25  Siege Tank  
  133  8:26  SCV  
  141  8:28  SCV x2, Refinery  
  141  8:29  Liberator  
  143  8:38  Marine x2  
  143  8:39  Marauder  
  143  8:40  Marine x2, Sensor Tower  
  147  8:49  Supply Depot  
  147  8:50  Marine x2  
  149  9:01  Terran Infantry Armor Level 2, Terran Infantry Weapons Level 2  
  149  9:02  Marine x2  
  149  9:04  Terran Vehicle Weapons Level 1  
  149  9:11  Marine, SCV x2  
  152  9:19  Marine x2  
  152  9:20  Marauder, Marine  
  152  9:24  Missile Turret  
  156  9:26  Marine  
  156  9:27  Siege Tank, Marine x2  
  156  9:30  SCV  
  157  9:35  SCV x2  
  158  9:40  Planetary Fortress  
  158  9:41  Marauder  
  158  9:44  Marine x4  
  158  9:45  Marine x2  
  159  9:56  Marine x2  
  159  9:58  Medivac x2  
  162  10:00  Siege Tank  
  162  10:01  Siege Tank  
  162  10:02  Marine  
  162  10:03  Marauder  
  162  10:04  Marine, Barracks x3  
  172  10:11  Marine  
  172  10:13  Marine  
  172  10:16  Liberator  
  172  10:17  Marine x3  
  172  10:19  Liberator, Supply Depot  
  172  10:20  Supply Depot  
  165  10:22  Command Center  
  165  10:24  Marauder  
  165  10:25  Marine x3  
  165  10:27  SCV x2  
  172  10:36  Marine x2  
  172  10:38  Marine  
  172  10:40  Marine  
  172  10:47  Marine x3  
  172  10:48  Marauder  
  170  10:51  Barracks Tech Lab x2  
  170  10:52  SCV x2  
  170  10:54  Marine x2  
  170  10:55  Marine  
  170  10:56  Siege Tank x2, Marine  
  182  10:58  Marine  
  182  10:59  Barracks Tech Lab  
  183  11:05  Sensor Tower  
  183  11:06  Missile Turret  
  183  11:09  Marauder, Marine x2  
  183  11:10  Marauder x2, Marine  
  192  11:12  Marine x2  
  192  11:14  Marine x2  
  194  11:18  Missile Turret  
  194  11:19  Missile Turret  
  194  11:21  Marauder, Marine, Concussive Shells  
  194  11:27  Marine  
  195  11:34  Marauder x2  
  195  11:39  Marine  
  200  11:44  Marauder  
  200  11:54  Terran Vehicle Weapons Level 2  
  200  11:56  Starport  
  200  11:57  Starport  
  200  12:01  Siege Tank x2  
  200  12:08  Marauder, Marine  
  200  12:22  Missile Turret  
  193  12:24  Marauder x3, Marine x2  
  193  12:25  Marine  
  200  12:34  Marine x2  
  200  12:35  Terran Infantry Weapons Level 3  
  195  12:39  Marine  
  195  12:40  Marine x3  
  195  12:42  Marine x3  
  197  12:45  Marine x2  
  197  12:48  Starport Reactor  
  197  12:50  Marine  
  196  12:52  Marine x2  
  196  12:57  Marine x2  
  196  12:58  Marine x2, Medivac x2  
  180  13:00  Marine x3  
  180  13:03  Marine x2  
  180  13:05  Viking  
  185  13:08  Marine  
  185  13:10  Marine x2  
  185  13:11  SCV  
  185  13:12  SCV, Planetary Fortress  
  171  13:15  Marine x2, Command Center  
  171  13:16  Marine x2  
  171  13:17  Marine  
  171  13:18  Marine x2  
  165  13:28  Viking x2  
  168  13:35  Marauder x2, Marine x3  
  168  13:36  Viking  
  168  13:37  Medivac x2  
  180  13:46  Refinery x2  
  177  13:54  Missile Turret  
  179  13:57  Marine x12  
  179  13:58  Viking x2  
  179  13:59  Refinery  
  179  14:00  Refinery  
  193  14:06  Viking  
  193  14:07  Viking  
  181  14:14  Marine x4  
  181  14:15  Marine x5  
  178  14:18  Medivac  
  178  14:21  Marine x3  
  174  14:27  Siege Tank  
  174  14:28  SCV x4, Medivac  
  183  14:32  Siege Tank, Marine x5  
  183  14:35  Marauder, Marine x3  
  196  14:40  Marauder x2  
  197  14:49  Marine  
  197  14:50  Marine x2  
  191  14:54  Marine x3  
  194  15:01  Sensor Tower, Missile Turret  
  194  15:02  Command Center  
  194  15:04  Missile Turret  
  194  15:22  Marauder  
  194  15:36  Orbital Command  
  194  15:38  Marine  
  194  15:41  Marine x2  
  194  15:42  Siege Tank, Marauder x2  
  195  15:53  Marauder  
  194  15:59  Marauder  
  194  16:01  Marine  
  194  16:02  Siege Tank, Marine, Viking x3  
  195  16:04  Viking  
  195  16:05  Marauder  
  195  16:06  Marauder  
  195  16:14  Siege Tank, Viking  
  196  16:21  Marauder  
  194  16:26  Marine x6  
  196  16:44  Marine x8  
  187  16:53  Viking x2  
  179  16:54  Marine x4  
  179  16:57  Medivac  
  179  16:58  Medivac  
  163  17:01  Marine x3  
  163  17:02  Marine x5  
  155  17:11  Medivac  
  155  17:12  Marine x4  
  155  17:14  Unknown x3  
  145  17:19  Marine x3  
  145  17:20  Marine x3, Widow Mine  
  153  17:23  Medivac  
  144  17:31  Siege Tank  
  133  17:37  Marauder x2  
  133  17:38  Marine  
  133  17:39  Marauder x2, Marine  
  142  17:44  Command Center  
  142  17:46  Sensor Tower  
  154  17:53  Starport Reactor  
Show
View Real Time Build Order
Export as new Build Order

iAsonu Zerg 

Build Orders: Hatch First 

Get SALT Encoding   

  12  0:00  Drone  
  13  0:12  Overlord  
  13  0:17  Drone  
  14  0:31  Drone x2  
  14  0:35  Drone  
  17  0:52  Hatchery  
  17  0:55  Drone  
  17  0:58  Drone  
  18  1:09  Extractor  
  17  1:13  Spawning Pool  
  17  1:16  Drone  
  17  1:19  Drone  
  18  1:28  Drone  
  19  1:40  Overlord  
  19  1:49  Drone  
  20  2:00  Queen  
  20  2:01  Zergling x2  
  23  2:04  Queen, Zergling x2  
  26  2:10  Metabolic Boost  
  26  2:11  Drone  
  27  2:15  Drone  
  28  2:25  Drone  
  28  2:27  Drone  
  30  2:34  Drone  
  31  2:37  Queen  
  31  2:40  Queen  
  35  2:44  Drone  
  36  2:52  Overlord  
  36  3:12  Drone x8  
  44  3:17  Overlord  
  44  3:24  Overlord  
  44  3:33  Hatchery  
  43  3:44  Zergling x10  
  43  3:46  Drone x2  
  50  3:48  Drone  
  50  3:49  Drone  
  50  3:52  Lair  
  52  3:56  Drone  
  52  3:57  Extractor  
  52  3:58  Extractor, Roach Warren  
  52  4:00  Drone x2  
  52  4:03  Drone  
  52  4:05  Drone  
  52  4:08  Drone  
  55  4:18  Drone  
  56  4:26  Overlord  
  56  4:29  Overlord  
  56  4:30  Spore Crawler  
  55  4:33  Overlord  
  55  4:36  Overlord  
  55  4:39  Extractor  
  56  4:45  Roach  
  56  4:46  Drone x2, Roach  
  56  4:50  Drone x2  
  56  4:51  Drone  
  56  4:52  Drone  
  64  4:55  Drone  
  64  4:56  Drone  
  64  4:58  Drone x2  
  68  5:04  Drone x2  
  68  5:06  Drone x2  
  66  5:08  Drone  
  66  5:09  Drone  
  66  5:11  Drone  
  65  5:14  Spire  
  65  5:20  Drone x2  
  66  5:22  Drone  
  67  5:28  Extractor  
  67  5:29  Drone x2  
  67  5:30  Extractor, Drone x2  
  67  5:32  Drone  
  67  5:35  Drone  
  71  5:41  Drone  
  72  5:45  Drone  
  72  5:46  Drone  
  73  5:54  Drone x3  
  75  5:59  Overlord  
  75  6:00  Drone x3  
  75  6:01  Drone x2  
  75  6:03  Overlord  
  80  6:08  Overlord  
  80  6:12  Drone x2  
  80  6:13  Overlord  
  82  6:22  Hatchery  
  81  6:26  Mutalisk x6  
  81  6:28  Mutalisk  
  81  6:32  Glial Reconstitution  
  95  6:34  Evolution Chamber  
  95  6:35  Evolution Chamber, Drone x2  
  95  6:38  Overlord  
  95  6:40  Roach  
  95  6:42  Roach x2  
  101  6:50  Overlord  
  101  6:51  Overlord  
  101  6:52  Overlord  
  103  6:54  Roach x3  
  107  7:06  Zerg Ground Armor Level 1, Zerg Missile Weapons Level 1  
  107  7:07  Roach x4  
  115  7:17  Roach x6  
  127  7:23  Ravager x7  
  134  7:32  Overlord  
  134  7:48  Overlord  
  134  7:49  Infestation Pit, Roach x13  
  159  7:52  Overlord  
  159  7:58  Drone x6  
  163  8:04  Overlord  
  163  8:05  Ravager x3  
  166  8:10  Drone x4  
  170  8:14  Extractor, Overlord  
  170  8:16  Extractor, Pneumatized Carapace  
  168  8:24  Burrow  
  168  8:25  Tunneling Claws  
  168  8:41  Infestor x2  
  167  8:48  Overseer  
  168  9:09  Zerg Missile Weapons Level 2, Zerg Ground Armor Level 2  
  168  9:11  Swarm Host  
  168  9:15  Ravager x2  
  176  9:26  Hive  
  173  9:56  Queen  
  166  10:20  Roach x22  
  196  10:31  Queen x2  
  200  10:37  Roach x11  
  187  10:50  Corruptor x6, Greater Spire  
  199  10:57  Overlord  
  199  11:03  Roach x20  
  199  11:14  Hatchery  
  198  11:20  Roach  
  198  11:21  Roach x13  
  198  11:22  Roach x2  
  190  11:26  Zerg Ground Armor Level 3, Zerg Missile Weapons Level 3  
  176  11:55  Roach  
  176  11:56  Roach x11  
  195  12:06  Roach x2  
  197  12:11  Roach x16  
  197  12:14  Overlord  
  197  12:15  Brood Lord x3  
  192  12:40  Brood Lord x2  
  192  12:41  Brood Lord  
  192  12:48  Roach x7  
  167  12:59  Roach x16  
  167  13:00  Roach x12  
  185  13:08  Roach  
  185  13:09  Roach x8  
  186  13:13  Infestor  
  186  13:14  Roach x3  
  190  13:30  Corruptor x6  
  188  13:34  Ravager x2  
  188  13:35  Ravager x2  
  192  13:46  Roach x18  
  192  13:51  Hatchery  
  191  14:00  Roach x4  
  190  14:12  Roach x10  
  190  14:13  Roach x2  
  162  14:34  Corruptor x4  
  170  14:41  Overseer  
  170  14:47  Zerg Flyer Weapons Level 1  
  164  15:01  Corruptor x7  
  178  15:10  Extractor  
  178  15:11  Extractor, Spore Crawler  
  172  15:26  Overseer  
  172  15:41  Drone x3  
  160  16:14  Ravager x11  
  171  16:21  Brood Lord x5  
  171  16:40  Hatchery  
  171  16:41  Brood Lord  
  129  16:56  Roach  
  129  16:57  Roach x11  
  104  17:10  Roach  
  104  17:11  Roach x3  
  106  17:20  Roach x4  
  92  17:34  Roach x4  
  88  17:38  Ravager, Roach x2  
  92  17:46  Roach x2  
  92  17:50  Hatchery  
  85  17:52  Ravager x2  
Tags
 
Add a new tag
Caveats
  • Supply blocks, unpowered buildings, or Contaminate may cause inaccurate times.
  • Supply counts are checked every 10 seconds.